 Dungeon Crawl Stone Soup version 0.26-a0-660-gc07710193c (webtiles) character file.

Game seed: 17873600084044778081

32 Gargoyl the Skirmisher (level 3, -1/35 HPs)
             Began as a Gnoll Abyssal Knight on Oct 8, 2020.
             Was a Follower of Lugonu.
             Slain by a gnoll (3 damage)
             ... on level 2 of the Dungeon.
             The game lasted 00:02:08 (1709 turns).

Gargoyl the Skirmisher (Gnoll Abyssal Knight)       Turns: 1709, Time: 00:02:08

Health: -1/35      AC:  9    Str: 15    XL:     3   Next: 27%
Magic:  6/6        EV:  6    Int: 14    God:    Lugonu [*.....]
Gold:   32         SH:  0    Dex: 14    Spells: 3/3 levels left

rFire    . . .     SeeInvis .   e - +2 short sword (drain)
rCold    . . .     Faith    .   (no shield)
rNeg     . . .     Spirit   .   d - +0 chain mail
rPois    .         Reflect  .   (no helmet)
rElec    .         Harm     .   (no cloak)
rCorr    .         Rampage  .   (no gloves)
MR       .....                  (no boots)
Stlth    ..........             (no amulet)
HPRegen  0.11/turn              (no ring)
MPRegen  0.10/turn              (no ring)

@: heavily drained
A: distributed training, fangs 1, strong nose
a: Depart the Abyss, Renounce Religion


You were on level 2 of the Dungeon.
You worshipped Lugonu.
Lugonu was aware of your devotion.
You visited 1 branch of the dungeon, and saw 2 of its levels.
You visited the Abyss 1 time.

You collected 32 gold pieces.

Inventory:

Hand Weapons
 a - a +1 hand axe
 e - a +2 short sword of draining (weapon)
Armour
 d - a +0 chain mail (worn)
Scrolls
 c - 3 scrolls of identify {unknown}
 g - a scroll of remove curse {unknown}
Potions
 b - a potion of heal wounds {unknown}
 f - a potion of mutation {unknown}
 h - a potion of brilliance {unknown}


   Skills:
 + Level 6.5(4.6) Fighting
 + Level 0.7(0.0) Short Blades
 + Level 0.7(0.0) Long Blades
 + Level 4.5(2.7) Axes
 + Level 0.7(0.0) Maces & Flails
 + Level 0.7(0.0) Polearms
 + Level 0.7(0.0) Staves
 + Level 0.7(0.0) Slings
 + Level 0.7(0.0) Bows
 + Level 0.7(0.0) Crossbows
 + Level 0.7(0.0) Throwing
 + Level 4.5(2.7) Armour
 + Level 2.6(0.9) Dodging
 + Level 0.7(0.0) Stealth
 + Level 0.7(0.0) Shields
 + Level 0.7(0.0) Unarmed Combat
 + Level 0.7(0.0) Spellcasting
 + Level 0.5(0.0) Conjurations
 + Level 0.5(0.0) Hexes
 + Level 0.5(0.0) Summonings
 + Level 0.5(0.0) Necromancy
 + Level 0.5(0.0) Translocations
 + Level 0.5(0.0) Transmutations
 + Level 0.5(0.0) Fire Magic
 + Level 0.5(0.0) Ice Magic
 + Level 0.5(0.0) Air Magic
 + Level 0.5(0.0) Earth Magic
 + Level 0.5(0.0) Poison Magic
 + Level 4.5(2.7) Invocations
 + Level 0.7(0.0) Evocations


You had 3 spell levels left.
You didn't know any spells.
Your spell library was empty.

Dungeon Overview and Level Annotations

Branches:
Dungeon (2/15)

Altars:
Hepliaklqana


Innate Abilities, Weirdness & Mutations

Your experience applies equally to all skills.
You have very sharp teeth.
Your uncanny sense of smell can sniff out nearby items.


Message History

The gnoll hits you but does no damage.
Unknown command.
You tear a large gash into the net.
The gnoll hits you but does no damage. The gnoll hits you with a +0 halberd.
The gnoll hits you but does no damage.
Unknown command.
You struggle against the net.
The gnoll hits you from afar with a +0 spear.
The gnoll hits you with a +0 halberd! The gnoll hits you but does no damage.
Unknown command.
You shred the net and break free! The gnoll hits you but does no damage.
The gnoll hits you with a +0 halberd. The gnoll hits you but does no damage.
Unknown command.
You closely miss the gnoll. You bite the gnoll.
The gnoll is moderately wounded.
The gnoll hits you from afar with a +0 spear!
* * * LOW HITPOINT WARNING * * *
The gnoll hits you with a +0 halberd!
* * * LOW HITPOINT WARNING * * *
The gnoll hits you.
You die...

#.......... ∆ #.
###.#........
#.#####............
#.#.....#..........
#...####..#........
..##........).....
#.##.............#
#.#####g##..........####
....wgg@............#
#.#######...........#
..............#
#...##..........####
..... #..........#...
##.# #..........#... #.
####(#######... # #.#
#... #. ##...


You could see 3 gnolls and a dart slug.

Vanquished Creatures
  An ooze (D:1)
  A dart slug (D:1)
  A leopard gecko (D:1)
  4 bats
  A giant cockroach (D:2)
  A goblin (D:2)
  5 hobgoblins
  4 kobolds (D:1)
  A ball python (D:1)
  2 frilled lizards (D:1)
  3 rats (D:1)
24 creatures vanquished.

Notes
Turn   | Place    | Note
-------+----------+-------------------------------------------
     0 | Abyss:1  | Gargoyl the Gnoll Abyssal Knight began the quest for the
                  | Orb.
     0 | Abyss:1  | Reached XP level 1. HP: 23/23 MP: 3/3
    61 | Abyss:2  | Noticed a ynoxinul
    61 | Abyss:2  | Noticed a smoke demon
    67 | Abyss:2  | HP: 1/23 [something/ball of steam (22)]
    69 | D:1      | Escaped the Abyss
   596 | D:1      | Reached XP level 2. HP: 21/29 MP: 5/5
   911 | D:1      | Reached * piety under Lugonu
  1185 | D:1      | Reached XP level 3. HP: 34/35 MP: 6/6
  1604 | D:2      | Found a hazy altar of Hepliaklqana.
  1709 | D:2      | Slain by a gnoll

Illustrated notes

Levels and vault maps discovered:
D:1:      ncdulo_halloftheorcs, layout_basic
D:2:      layout_rooms, chequers_temple_overflow_statue_of_worship,
          nicolae_overflow_hidden_temple, chequers_ecumenical_altar_island

Action                   || total
-------------------------++-------
Melee: Hand axe          ||    34
       Bite              ||    10
       Short sword       ||    45
Invok: Depart the Abyss  ||     1
  Use: Scroll            ||     2
Armor: Chain mail        ||    67
Dodge: Dodged            ||    40

Table legend: (Time is in decaauts)
 A = Elapsed time spent in this place.
 B = Non-inter-level travel time spent in this place.
 C = Inter-level travel time spent in this place.
 D = Time resting spent in this place.
 E = Time spent auto-exploring this place.
 F = Levels seen in this place.
 G = Mean time per level.
                   A        B        C        D        E       F      G
               +--------+--------+--------+--------+--------+-----+--------+
         Total |   1714 |   1650 |     64 |    303 |   1088 |   4 |  428.5 |
       Dungeon |   1646 |   1582 |     64 |    303 |   1075 |   2 |  823.0 |
         Abyss |     67 |     67 |      0 |      0 |     13 |   2 |   33.5 |
               +--------+--------+--------+--------+--------+-----+--------+

Top non-repeatable levels by time:
     D:1: 1459 daAuts
     D:2: 186 daAuts
 Abyss:2: 52 daAuts
 Abyss:1: 15 daAuts
